 Dungeon Crawl Stone Soup version 0.23-a0-183-gf37f6fb (webtiles) character file.

37 Felrender the Stinger (level 3, -3/24 HPs)
             Began as a Demonspawn Venom Mage on Sept 22, 2018.
             Slain by a worm (8 damage)
             ... on level 2 of the Dungeon.
             The game lasted 00:03:30 (1739 turns).

Felrender the Stinger (Demonspawn Venom Mage)       Turns: 1739, Time: 00:03:31

Health: -3/24      AC:  3    Str:  5 (8)  XL:     3   Next: 21%
Magic:  1/6        EV: 12    Int: 14 (16) God:
Gold:   48         SH:  0    Dex: 12 (14) Spells: 3/6 levels left

rFire    . . .     SeeInvis .   b - +0 short sword
rCold    . . .     Gourm    .   (no shield)
rNeg     . . .     Faith    .   a - +0 robe
rPois    .         Spirit   .   (helmet restricted)
rElec    .         Reflect  .   (no cloak)
rCorr    .         Harm     .   (no gloves)
MR       .....                  c - +0 pair of boots
Stlth    ++........             (no amulet)
HPRegen  0.08/turn              (no ring)
MPRegen  0.10/turn              (no ring)

@: very slightly contaminated
A: horns 1, spiny 1
a: no special abilities


You were on level 2 of the Dungeon.
You were not hungry.

You visited 1 branch of the dungeon, and saw 2 of its levels.

You collected 48 gold pieces.

Inventory:

Hand Weapons
 b - a +0 short sword (weapon)
Armour
 a - a +0 robe (worn)
 c - a +0 pair of boots (worn)
Jewellery
 i - an uncursed ring of fire
Scrolls
 h - 2 scrolls of remove curse
 j - 2 scrolls of fog


   Skills:
 * Level 1.2 Short Blades
 + Level 1.9 Dodging
 + Level 2.0 Stealth
 * Level 2.3 Spellcasting
 + Level 1.0 Conjurations
 + Level 3.4 Poison Magic


You had 3 spell levels left.
You knew the following spells:

 Your Spells              Type           Power        Failure   Level  Hunger
a - Sting                 Conj/Pois      #...         9%          1    #......
b - Poisonous Vapours     Pois/Air       #.....       17%         2    ###....

Your spell library contained the following spells:

 Spells                   Type           Power        Failure   Level  Hunger
 Mephitic Cloud           Conj/Pois/Air  #.......     36%         3    ###....
 Olgreb's Toxic Radiance  Pois           ##......     50%         4    #####..
 Venom Bolt               Conj/Pois      #.........   94%         5    ######.


Dungeon Overview and Level Annotations

Branches:
Dungeon (2/15)

Altars:


Innate Abilities, Weirdness & Mutations

You have a pair of small horns on your head.
You are partially covered in sharp spines.


Message History

Aiming: Sting (safe; 9% risk of failure)
Press: ? - help, Shift-Dir - straight line, f/p - worm
Aim: a worm The sting misses the goblin.
The sting hits the worm.
The worm is poisoned.
The worm is lightly wounded.
The goblin is struck by your spines.
You kill the goblin!
The worm bites you!
Things that are here:
a club; a goblin corpse You hit the worm.
The worm is moderately wounded.
The worm is struck by your spines. The worm bites you!
* * * LOW HITPOINT WARNING * * *
You hit the worm.
The worm is heavily wounded.
You completely miss the worm.
The worm is heavily wounded.
The worm is struck by your spines. The worm bites you!
You die...

##......(..#
#..........# . ##.>
#..........#.. .....
##............. .....
..?..........# .....##
#.........# .......
##w†......#
....#..##@.#..<..####
....................#
..#.#..†...#........#
........#.........<...
......)..#............
..........#.........#.
........#.##........#
..#######)##........#
. #.#####..##..


You could see a worm.

Vanquished Creatures
  An adder (D:2)
  An ooze (D:1)
  A leopard gecko (D:1)
  2 goblins
  7 hobgoblins
  3 jackals (D:1)
  A bat (D:1)
  2 frilled lizards (D:1)
  2 kobolds
  A rat (D:2)
21 creatures vanquished.

Notes
Turn   | Place    | Note
-------+----------+-------------------------------------------
     0 | D:1      | Felrender the Demonspawn Venom Mage began the quest for the
                  | Orb.
     0 | D:1      | Reached XP level 1. HP: 13/13 MP: 3/3
   611 | D:1      | Gained mutation: You are partially covered in sharp spines.
                  | [demonic ancestry]
   611 | D:1      | Reached XP level 2. HP: 18/19 MP: 0/5
  1247 | D:1      | Learned a level 2 spell: Poisonous Vapours
  1713 | D:2      | Reached skill level 1 in Short Blades
  1713 | D:2      | Gained mutation: You have a pair of small horns on your
                  | head. [demonic ancestry]
  1713 | D:2      | Reached XP level 3. HP: 8/24 MP: 4/6
  1739 | D:2      | Slain by a worm

Vault maps used:
D:1:      nicolae_arrival_memento_mori
D:2:      minmay_misc_feat_tower, kennysheep_crisscross

Skill      XL: |  1  2 |
---------------+-------+-----
Short Blades   | 1 |  1.2
Stealth        | 2 |  2.0
Dodging        | |  1.9
Spellcasting   | |  2.3
Conjurations   | |  1.0
Poison Magic   | |  3.4

Action                   || total
-------------------------++-------
Melee: Short sword       ||    46
       Headbutt          ||     1
 Cast: Sting             ||    24
       Poisonous Vapours ||     2
  Use: Scroll            ||     5
       Potion            ||     4
 Stab: Sleeping          ||     1
  Eat: Ration            ||     1
Armor: Robe              ||     6
Dodge: Dodged            ||    24

Table legend:
 A = Non-vault XP
 B = Vault XP
 C = Vault XP percentage of total XP
 D = Non-vault monster count
 E = Vault monster count
 F = Vault count percentage of total count
                 A         B        C        D         E       F
            +---------+---------+-------+---------+---------+-------
      Total |      53 |       0 |   0.0 |      21 |       0 |   0.0
            +---------+---------+-------+---------+---------+-------
        D:1 |      28 |       0 |   0.0 |      13 |       0 |   0.0
        D:2 |      25 |       0 |   0.0 |       8 |       0 |   0.0
            +---------+---------+-------+---------+---------+-------
